 Dungeon Crawl Stone Soup version 0.30.1-9-gdf580d7c3d (webtiles) character file.

Game seed: 17421480625637992093

34 jfcaron the Digger (level 3, -5/26 HPs)
             Began as a Meteoran Earth Elementalist on Oct 25, 2023.
             Slain by a gnoll
             ... wielding a +0 club
              (8 damage)
             ... on level 2 of the Dungeon.
             The game lasted 00:03:22 (406 turns).

jfcaron the Digger (Meteoran Earth Elementalist)     Turns: 406, Time: 00:03:23

Health: -5/26      AC:  2    Str: 10    XL:     3   Next: 73%
Magic:  0/8        EV: 13    Int: 18    God:
Gold:   24         SH:  0    Dex: 14    Spells: 2/8 levels left

rFire   . . .        d - +0 short sword
rCold   . . .        (no shield)
rNeg    . . .        a - +0 robe
rPois   .            (no helmet)
rElec   .            (no cloak)
rCorr   .            (no gloves)
SInv    .            (no boots)
Will    .....        e - amulet of guardian spirit
Stlth   +            (no ring)
HPRegen 0.24/turn    (no ring)
MPRegen 0.11/turn

%: guardian spirit
@: glowing
A: sense surroundings 1, otherworldly, glowing, explore regen
a: no special abilities


You were on level 2 of the Dungeon.
You visited 1 branch of the dungeon, and saw 2 of its levels.

You collected 24 gold pieces.

Inventory:

Hand Weapons
 d - a +0 short sword (weapon)
Armour
 a - a +0 robe (worn)
Jewellery
 e - an amulet of guardian spirit (around neck)
   (You found it on level 2 of the Dungeon)
Scrolls
 f - a scroll of enchant weapon {unknown}
Potions
 b - a potion of magic
 c - 2 potions of curing


   Skills:
 + Level 2.9 Dodging
 + Level 1.7 Stealth
 - Level 3.0 Spellcasting
 * Level 2.2 Transmutations
 + Level 4.0 Earth Magic


You had 2 spell levels left.
You knew the following spells:

 Your Spells              Type           Power      Damage    Failure   Level
a - Sandblast             Erth           34%        2d9       3%          1
b - Passwall              Tmut/Erth      10%        N/A       7%          2
c - Stone Arrow           Conj/Erth      18%        3d8       22%         3

Your spell library contained the following spells:

 Spells                   Type           Power      Damage    Failure   Level
 Poisonous Vapours        Pois/Air       4%         N/A       24%         2
 Petrify                  Tmut/Erth      13%        N/A       41%         4
 Mephitic Cloud           Conj/Pois/Air  2%         N/A       43%         3
 Freezing Cloud           Conj/Ice/Air   1%         6-21      99%         5


Dungeon Overview and Level Annotations

Branches:
Dungeon (2/15) Zot: 781

Altars:


Innate Abilities, Weirdness & Mutations

You passively map a small area around you.
You are easily found by Zot.
You glow in the dark.
You regain HP and MP as you explore.


Message History

Casting: Sandblast (safe; 3% risk of failure)
Confirm with . or Enter, or press ? or * to list all spells.
Aiming: Sandblast (safe; 3% risk of failure)
Press: ? - help, Shift-Dir - straight line, f - gnoll, p - gnoll
Aim: a gnoll, wielding a +0 spear (severely wounded, 84% to hit)
The blast of sand hits the gnoll!
You kill the gnoll!
The gnoll hits you with a +0 club.
The kobold throws a stone.
The stone hits you.
A worm comes into view.
The gnoll hits you with a +0 club.
Your Earth Magic skill increases to level 4!
Casting: Sandblast (safe; 3% risk of failure)
Confirm with . or Enter, or press ? or * to list all spells.
Aiming: Sandblast (safe; 3% risk of failure)
Press: ? - help, Shift-Dir - straight line, f - gnoll
Aim: a gnoll, wielding a +0 club (84% to hit)
The blast of sand hits the gnoll.
The gnoll is heavily wounded.
The gnoll barely misses you.
Casting: Sandblast (safe; 3% risk of failure)
Confirm with . or Enter, or press ? or * to list all spells.
Aiming: Sandblast (safe; 3% risk of failure)
Press: ? - help, Shift-Dir - straight line, f/p - gnoll
Aim: a gnoll, wielding a +0 club (heavily wounded, 84% to hit)
The blast of sand hits the gnoll!
The gnoll is almost dead.
The gnoll barely misses you. The kobold closely misses you.
The gnoll hits you with a +0 club. The kobold hits you with a +0 dagger.
Your magical contamination has completely faded away.
Casting: Sandblast (safe; 3% risk of failure)
Confirm with . or Enter, or press ? or * to list all spells.
You don't have enough magic to cast this spell.
Unknown command.
The kobold attacks as you move away! The kobold barely misses you.
The kobold throws a stone.
The stone closely misses you. The gnoll hits you with a +0 club!
* * * LOW HITPOINT WARNING * * *
The gnoll attacks as you move away! The gnoll hits you with a +0 club!
You die...

### #..*
######.#
#....#.# #
#....#.# ###
#......##### ..#
##.#.....@.## ,
#.##
#.#..####gK# *
#..## ##.#.##
##.gS# ##..#
#..#.#### ###)#
, *
##.####<........
...
#.......#######
** .w?
.....#....#
....!
#######...##
.... #......###
....


You could see a worm, 2 gnolls, a ball python and a kobold.

Vanquished Creatures
  A gnoll (D:2)
  A dart slug (D:1)
  4 endoplasms
  2 goblins
  3 hobgoblins
  2 quokkas (D:1)
  A ball python (D:2)
  2 frilled lizards (D:2)
  3 kobolds
  2 rats (D:2)
21 creatures vanquished.

Notes
Turn   | Place    | Note
-------+----------+-------------------------------------------
     0 | D:1      | jfcaron the Meteoran Earth Elementalist began the quest for
                  | the Orb.
     0 | D:1      | Reached XP level 1. HP: 14/14 MP: 5/5
    84 | D:2      | Reached XP level 2. HP: 20/20 MP: 4/6
    87 | D:2      | Learned a level 2 spell: Passwall
   115 | D:2      | HP: 4/20 [hobgoblin (4)]
   258 | D:1      | Reached XP level 3. HP: 26/26 MP: 5/8
   262 | D:1      | Learned a level 3 spell: Stone Arrow
   402 | D:2      | Reached skill level 4 in Earth Magic
   405 | D:2      | HP: 3/26 [gnoll/+0 club (7)]
   406 | D:2      | Slain by a gnoll

Illustrated notes

Levels and vault maps discovered:
D:1:      zelgadis_glass_arrival_small, layout_basic, serial_forest,
          infiniplex_forest_end_2, infiniplex_forest_clump_small,
          infiniplex_forest_lined_corner, infiniplex_forest_lined_room_2,
          infiniplex_forest_end_2, infiniplex_forest_clump_double,
          infiniplex_forest_lined_1
D:2:      layout_rooms, dk_noncrumbling_3, uniq_jessica, uniq_natasha

Skill      XL: |  1  2  3 |
---------------+----------+-----
Spellcasting   | 3 |  3.0
Transmutations | 2 |  2.2
Earth Magic    | 4 |  4.0
Dodging        | |  2.9
Stealth        | |  1.7

Action                     || total
---------------------------++-------
  Melee: Unarmed           ||     2
         Short sword       ||    12
   Cast: Sandblast         ||    28
    Use: Scroll            ||     5
 Armour: Robe              ||     1
  Dodge: Dodged            ||    12

Table legend: (Time is in decaauts)
 A = Elapsed time spent in this place.
 B = Non-inter-level travel time spent in this place.
 C = Inter-level travel time spent in this place.
 D = Time resting spent in this place.
 E = Time spent auto-exploring this place.
 F = Levels seen in this place.
 G = Mean time per level.
                   A        B        C        D        E       F      G
               +--------+--------+--------+--------+--------+-----+--------+
         Total |    418 |    391 |     27 |      0 |      0 |   2 |  209.0 |
       Dungeon |    418 |    391 |     27 |      0 |      0 |   2 |  209.0 |
               +--------+--------+--------+--------+--------+-----+--------+

Top non-repeatable levels by time:
     D:1: 300 daAuts
     D:2: 118 daAuts

Table legend:
 A = Kills in this place as a percentage of kills in the entire game.
 B = Kills by you in this place as a percentage of kills by you in the entire game.
 C = Kills by friends in this place as a percentage of kills by friends in the entire game.
 D = Other kills in this place as a percentage of other kills in the entire game.
 E = Experience gained in this place as a percentage of experience gained in the entire game.
 F = Experience gained in this place divided by the number of levels of this place that you have seen.
                   A       B       C       D       E      F
               +-------+-------+-------+-------+-------+----------------------
         Total | 100.0 | 100.0 |   N/A |   N/A | 100.0 |  24.5
       Dungeon | 100.0 | 100.0 |   N/A |   N/A | 100.0 |  24.5
               +-------+-------+-------+-------+-------+----------------------

Levels and vault maps discovered:
D:1:      zelgadis_glass_arrival_small, layout_basic, serial_forest,
          infiniplex_forest_end_2, infiniplex_forest_clump_small,
          infiniplex_forest_lined_corner, infiniplex_forest_lined_room_2,
          infiniplex_forest_end_2, infiniplex_forest_clump_double,
          infiniplex_forest_lined_1
D:2:      layout_rooms, dk_noncrumbling_3, uniq_jessica, uniq_natasha
